 Dungeon Crawl Stone Soup version 0.18.1-5-g4a78601 (webtiles) character file.

281 MDvedh the Chiller (level 6, 0/41 HPs)
             Began as a Mummy Ice Elementalist on May 9, 2016.
             Was an Initiate of Ashenzari.
             Slain by a jackal (2 damage)
             ... on level 4 of the Dungeon.
             The game lasted 00:10:42 (6498 turns).

MDvedh the Chiller (Mummy Ice Elementalist)         Turns: 6498, Time: 00:10:43

Health: 0/41       AC:  3    Str: 11    XL:     6   Next: 6%
Magic:  10/10      EV:  7    Int: 17    God:    Ashenzari [......]
Gold:   103        SH:  0    Dex: 12    Spells: 2 memorised, 6 levels left

rFire  x . .     SeeInvis .     f - +2 hand axe (elec)
rCold  + . .     Gourm    .     a - +0 robe
rNeg   + + +     Faith    .     (no shield)
rPois  ∞         Spirit   .     (no helmet)
rElec  .         Dismiss  .     (no cloak)
rCorr  .         Reflect  .     m - +0 pair of gloves
SustAt .         Harm     .     (no boots)
MR     +....                    (no amulet)
Stlth  +.........               i - ring of loudness (curse)
                                d - ring of protection from magic

@: very slightly contaminated, somewhat resistant to hostile enchantments, very
unstealthy
A: no food or potions, fire vulnerability, cold resistance 1, negative energy
resistance 3, torment resistance, unbreathing
a: Curse Item, Renounce Religion


You were on level 4 of the Dungeon.
You worshipped Ashenzari.
Ashenzari was noncommittal.
You were not hungry.

You visited 2 branches of the dungeon, and saw 6 of its levels.

You collected 103 gold pieces.

Inventory:

Hand Weapons
 f - a +2 hand axe of electrocution (weapon)
Armour
 a - a +0 robe (worn)
 m - a +0 pair of gloves (worn)
Jewellery
 d - a ring of protection from magic (left hand)
 g - an uncursed amulet of faith
 i - a cursed ring of loudness (right hand)
 l - an uncursed ring of flight
 o - an uncursed ring of sustain attributes
Wands
 p - a wand of flame (48/48)
Scrolls
 e - a scroll of fog
 j - a scroll of teleportation
 k - a scroll of fear
 n - a scroll of enchant weapon
Books
 b - a book of Frost

   Spells                             Type                      Level
   a - Freeze                         Ice                          1
   b - Throw Frost                    Conjuration/Ice              2
   c - Ozocubu's Armour               Charms/Ice                   3
   d - Throw Icicle                   Conjuration/Ice              4
   e - Summon Ice Beast               Ice/Summoning                4
 h - a Grand Grimoire

   Spells                             Type                      Level
   a - Monstrous Menagerie            Summoning                    7
   b - Summon Greater Demon           Summoning                    7
   c - Malign Gateway                 Summoning/Translocation      7
   d - Summon Horrible Things         Summoning                    8


   Skills:
 + Level 0.5 Axes
 - Level 1.5 Dodging
 - Level 1.5 Stealth
 + Level 3.0 Spellcasting
   Level 0.7 Conjurations
 + Level 1.7 Summonings
 + Level 4.6 Ice Magic


You had 6 spell levels left.
You knew the following spells:

 Your Spells              Type           Power        Failure   Level  Hunger
a - Freeze                Ice            ###.         2%          1    N/A
b - Summon Ice Beast      Ice/Summ       ##......     58%         4    N/A

Dungeon Overview and Level Annotations

Branches:
Dungeon (5/15)             Temple (1/1) D:4

Altars:
Ashenzari
Cheibriados
Dithmenos
Elyvilon
Fedhas
Gozag
Kikubaaqudgha
Makhleb
Okawaru
Pakellas
Qazlal
Ru
Sif Muna
Trog
Vehumet
Xom
Yredelemnul
Zin
The Shining One

Annotations:
D:5 Menkaure


Innate Abilities, Weirdness & Mutations

You do not eat or drink.
Your flesh is vulnerable to fire.
You are immune to poison.
Your flesh is cold resistant.
You are immune to negative energy.
You are immune to unholy pain and torment.
You can survive without breathing.


Message History

A jackal comes into view.
The jackal barks!
You closely miss the jackal. You hit the hippogriff.
The hippogriff is lightly wounded.
The jackal bites you. The hippogriff bites you!
* * * LOW HITPOINT WARNING * * *
The hippogriff pecks you.
* * * LOW HITPOINT WARNING * * *
The hippogriff claws you!
* * * LOW HITPOINT WARNING * * *
The jackal bites you but does no damage.
Read which item? (? for menu, Esc to quit)
Blink to where?
Press: ? - help, Dir - move target cursor, p - hippogriff You are very lightly contaminated with residual magic.
As you read the scroll of blinking, it crumbles to dust.
Unknown command.
There is a stone staircase leading up here.
The jackal bites you.
You die...

## ########### .#
#.........#
.########.######.###
..........>.....@..#
..###############h##
.........{...##.!.#
..##########.##.###
..##########.##H#
..#........#.##.#
..#.######.#.##.#
..#.# #....#.# ..#.#
########.#


You could see a jackal.

Vanquished Creatures
  A howler monkey (D:4)
  An orc wizard (D:2)
  An iguana (D:4)
  7 adders
  A gnoll (D:1)
  An ooze (D:4)
  An adder skeleton (D:4)
  3 worms
  A dart slug (D:4)
  3 giant geckos
  10 orcs
  A ball python (D:3)
  5 bats
  3 giant cockroaches
  3 goblins
  6 hobgoblins
  14 jackals
  6 kobolds
  4 quokkas
  3 giant newts
  A quokka skeleton (D:4)
  8 rats
84 creatures vanquished.

Notes
Turn   | Place    | Note
--------------------------------------------------------------
     0 | D:1      | MDvedh the Mummy Ice Elementalist began the quest for the Orb.
     0 | D:1      | Reached XP level 1. HP: 13/13 MP: 3/3
   542 | D:1      | Reached XP level 2. HP: 14/19 MP: 5/5
   707 | D:1      | Reached skill level 3 in Ice Magic
  1156 | D:1      | Reached XP level 3. HP: 12/24 MP: 1/6
  1657 | D:2      | Found a shimmering altar of Xom.
  2519 | D:2      | Reached skill level 4 in Ice Magic
  2651 | D:2      | Reached XP level 4. HP: 18/30 MP: 3/7
  2771 | D:2      | Learned a level 4 spell: Summon Ice Beast
  3989 | D:2      | Reached XP level 5. HP: 15/35 MP: 0/8
  4175 | D:3      | Reached skill level 1 in Summonings
  4784 | D:4      | Noticed a hippogriff
  5254 | D:4      | Reached XP level 6. HP: 39/41 MP: 4/10
  5517 | D:5      | Entered Level 5 of the Dungeon
  5517 | D:5      | Noticed Menkaure
  6035 | D:4      | Found a staircase to the Ecumenical Temple.
  6045 | Temple   | Entered the Ecumenical Temple
  6145 | Temple   | Became a worshipper of Ashenzari the Shackled
  6495 | D:4      | HP: 2/41 [hippogriff (7)]
  6498 | D:4      | Slain by a jackal

Skill      XL: |  1  2  3  4  5 |
---------------+----------------+-----
Ice Magic      | 3 4 |  4.6
Summonings     | 1 |  1.7
Spellcasting   | 3 |  3.0
Axes           | |  0.5
Dodging        | |  1.5
Stealth        | |  1.5
Conjurations   | |  0.7

Action                   |  1- 3 |  4- 6 || total
-------------------------+-------+-------++-------
Melee: Spear             |    90 |    19 ||   109
       Hand axe          |       |    49 ||    49
 Cast: Freeze            |    50 |    68 ||   118
       Summon Ice Beast  |       |     1 ||     1
  Use: Scroll            |     1 |     9 ||    10
 Stab: Sleeping          |     5 |     2 ||     7
       Distracted        |     1 |     1 ||     2
Armor: Robe              |    23 |    15 ||    38
Dodge: Dodged            |    93 |    60 ||   153
